 Dungeon Crawl Stone Soup version 0.27-a0-732-ga892ba84f6 (webtiles) character file.

Game seed: 16118611292257193022

90 Lanoc the Slasher (level 4, -25/54 HPs)
             Began as a Djinni Berserker on Mar 23, 2021.
             Was a Believer of Trog.
             Annihilated by an ogre
             ... wielding a +0 giant club
              (26 damage)
             ... on level 4 of the Dungeon.
             The game lasted 00:03:32 (3420 turns).

Lanoc the Slasher (Djinni Berserker)                Turns: 3420, Time: 00:03:32

Health: -25/54     AC:  2    Str: 16    XL:     4   Next: 56%
Magic:  0/0        EV: 13    Int:  9    God:    Trog [**....]
Gold:   205        SH:  0    Dex: 13    Spells: 2/3 levels left

rFire    + + .     SeeInvis .   m - +0 long sword
rCold    x . .     Faith    .   (no shield)
rNeg     . . .     Spirit   .   b - +0 animal skin
rPois    ∞         Reflect  .   (no helmet)
rElec    .         Harm     .   (no cloak)
rCorr    .         Rampage  .   (no gloves)
Will     .....                  (boots unavailable)
Stlth    ..........             (no amulet)
HPRegen  0.18/turn              (no ring)
MPRegen  0.00/turn              (no ring)

@: berserking (expiring), flying, very quick
A: fire resistance 2, cold vulnerability 1, float, innate caster, hp casting,
extra vitality 1
a: Renounce Religion, Berserk, Trog's Hand


You were on level 4 of the Dungeon.
You worshipped Trog.
Trog was pleased with you.
You visited 1 branch of the dungeon, and saw 4 of its levels.

You collected 205 gold pieces.

Inventory:

Hand Weapons
 m - a +0 long sword (weapon)
Armour
 b - a +0 animal skin (worn)
Scrolls
 a - a scroll of acquirement {unknown}
 c - a scroll of identify {unknown}
 d - a scroll of teleportation {unknown}
 e - a scroll of holy word {unknown}
 f - a scroll of noise {unknown}
 g - a scroll of magic mapping {unknown}
 h - 2 scrolls of enchant armour {unknown}
 j - 2 scrolls of random uselessness {unknown}
 l - a scroll of amnesia {unknown}
Potions
 i - a potion of brilliance {unknown}
 k - a potion of haste {unknown}
 n - 2 potions of flight {unknown}
 o - a potion of magic {unknown}


   Skills:
 + Level 3.6 Fighting
 + Level 3.6 Long Blades
 + Level 2.8 Armour
 + Level 3.1 Dodging


You had 2 spell levels left.
You knew the following spells:

 Your Spells              Type           Power      Damage    Failure   Level
a - Foxfire               Conj/Fire      0%         2x1d4     38%         1
Your spell library was empty.

Dungeon Overview and Level Annotations

Branches:
Dungeon (4/15)
 Temple: D:4-7

Altars:
Dithmenos
Elyvilon
Fedhas
Uskayaw
Xom

Shops:
D:2 =


Innate Abilities, Weirdness & Mutations

You are immune to poison.
Your flesh is very heat resistant. (rF++)
You are vulnerable to cold. (rC-)
You float through the air rather than walking.
You learn spells naturally, not from books.
Your magical power is your life essence.
You have superior vitality. (+4 HP)


Message History

A hound skeleton comes into view.
The teleport trap disappears.
The hound skeleton disappears!
The hound skeleton moves out of view.
Found a shimmering altar of Xom.
Found two shimmering altars of Xom.
Found a shimmering altar of Xom.
There is a fountain of clear blue water here.
You see here a +0 ring mail.
n - 2 pink potions
There is a fountain of clear blue water here.
o - a lumpy purple potion An ooze comes into view.
The ooze quivers.
Found an escape hatch in the ceiling.
An ogre comes into view. It is wielding a +0 giant club.
The ogre shouts!
The ogre hits you with a +0 giant club!!
Ouch! That really hurt!
* * * LOW HITPOINT WARNING * * *
You are too injured to fight recklessly!
You are too injured to fight recklessly!
You hit the ooze.
You kill the ooze!
Trog accepts your kill.
There is a stone staircase leading up here.
A red film seems to cover your vision as you go berserk!
You feel yourself moving faster!
You feel mighty! The ogre closely misses you.
You slash the ogre!
The ogre is moderately wounded.
You barely miss the ogre.
The ogre is moderately wounded.
The ogre hits you with a +0 giant club!!
* * * LOW HITPOINT WARNING * * *
You hit the ogre.
The ogre is heavily wounded.
The ogre misses you.
You slash the ogre!
The ogre is severely wounded.
The ogre hits you with a +0 giant club!!
You die...

#........÷......##
#..#.###.##⌠ ##..............#
...###.#..... ##.#...........#
..#........... ####..........#
. # .......... #...........#..
#......... ##............#
#......... #.#........###
#......... ####.....##..##
##.##....
###....@...######.#.....
##....O##..#.........#..
#....#.###.....#.##....#
##..###.###.......###...#
###...###..##.......###....
#.....##...##.........#....
###....[.......<.....#.......
##............###.)...#..#....
#........<....###....##.##....


You could see an ogre.

Vanquished Creatures
  An iguana (D:4)
  2 adders (D:3)
  7 ball pythons
  8 bats
  2 giant cockroaches
  4 goblins
  6 hobgoblins
  2 oozes
  A quokka (D:3)
  2 frilled lizards
  4 kobolds
  7 rats
46 creatures vanquished.

Notes
Turn   | Place    | Note
-------+----------+-------------------------------------------
     0 | D:1      | Lanoc the Djinni Berserker began the quest for the Orb.
     0 | D:1      | Reached XP level 1. HP: 20/20 MP: 0/0
    15 | D:1      | Reached XP level 2. HP: 25/25 MP: 0/0
   902 | D:2      | Found a hide-covered altar of Uskayaw.
   904 | D:2      | Found a white marble altar of Elyvilon.
   954 | D:2      | Found Yduhadoc's Jewellery Boutique.
  1162 | D:2      | Found a blossoming altar of Fedhas.
  1231 | D:2      | Reached ** piety under Trog
  1232 | D:2      | Reached XP level 3. HP: 26/30 MP: 0/0
  1232 | D:2      | Learned a level 1 spell: Foxfire
  1964 | D:3      | Found a faded altar of an unknown god.
  2383 | D:3      | Reached XP level 4. HP: 30/35 MP: 0/0
  2578 | D:3      | Found a shadowy altar of Dithmenos.
  3348 | D:4      | Found a shimmering altar of Xom.
  3349 | D:4      | Found a shimmering altar of Xom.
  3349 | D:4      | Found a shimmering altar of Xom.
  3350 | D:4      | Found a shimmering altar of Xom.
  3380 | D:4      | Noticed an ogre
  3418 | D:4      | HP: 1/54 [ogre/+0 giant club (18)]
  3420 | D:4      | Annihilated by an ogre

Illustrated notes

Levels and vault maps discovered:
D:1:      scummos_arrival_star, layout_rooms
D:2:      layout_basic, lemuel_round_altar,
          chequers_temple_overflow_statue_of_worship, serial_shops,
          nicolae_shop_waterfront
D:3:      layout_basic, general_overflow_altar,
          chequers_ecumenical_altar_simple_redux
D:4:      layout_cave_pools, xom_redecorated, serial_shops, shop,
          minmay_fountain_box

Skill      XL: |  1  2  3  4 |
---------------+-------------+-----
Dodging        | 3 |  3.1
Fighting       | |  3.6
Long Blades    | |  3.6
Armour         | |  2.8

Action                   |  1- 3 |  4- 6 || total
-------------------------+-------+-------++-------
Melee: Falchion          |   111 |    17 ||   128
       Long sword        |       |     9 ||     9
Invok: Berserk           |     4 |     2 ||     6
 Stab: Sleeping          |     1 |       ||     1
Armor: Animal skin       |    28 |     3 ||    31
Dodge: Dodged            |    68 |    11 ||    79
       Rpst.: Falchion   |    16 |     2 ||    18
       Long sword        |       |     2 ||     2

Table legend: (Time is in decaauts)
 A = Elapsed time spent in this place.
 B = Non-inter-level travel time spent in this place.
 C = Inter-level travel time spent in this place.
 D = Time resting spent in this place.
 E = Time spent auto-exploring this place.
 F = Levels seen in this place.
 G = Mean time per level.
                   A        B        C        D        E       F      G
               +--------+--------+--------+--------+--------+-----+--------+
         Total |   3494 |   3394 |    100 |      0 |   3038 |   4 |  873.5 |
       Dungeon |   3494 |   3394 |    100 |      0 |   3038 |   4 |  873.5 |
               +--------+--------+--------+--------+--------+-----+--------+

Top non-repeatable levels by time:
     D:3: 1532 daAuts
     D:2: 867 daAuts
     D:1: 717 daAuts
     D:4: 377 daAuts
